 Dungeon Crawl Stone Soup version 0.23-a0-677-g07611c5 (webtiles) character file.

210 Blackhawk the Skirmisher (level 5, 0/42 HPs)
             Began as a Demonspawn Fighter on Jan 9, 2019.
             Slain by an orc wizard
             ... wielding a +2 dagger of electrocution
              (4 damage)
             ... on level 3 of the Dungeon.
             The game lasted 00:02:57 (2138 turns).

Blackhawk the Skirmisher (Demonspawn Fighter)       Turns: 2138, Time: 00:02:58

Health: 0/42       AC:  7    Str: 18    XL:     5   Next: 57%
Magic:  5/5        EV:  7    Int:  9    God:
Gold:   67         SH:  9    Dex: 12    Spells: 4/4 levels left

rFire    . . .     SeeInvis .   a - +0 war axe
rCold    . . .     Gourm    .   c - +0 shield
rNeg     . . .     Faith    .   b - +0 scale mail
rPois    .         Spirit   .   (no helmet)
rElec    .         Reflect  .   (no cloak)
rCorr    .         Harm     .   (no gloves)
MR       .....                  (boots unavailable)
Stlth    ..........             (no amulet)
HPRegen  0.14/turn              (no ring)
MPRegen  0.09/turn              (no ring)

@: no status effects
A: talons 3
a: no special abilities


You were on level 3 of the Dungeon.
You were not hungry.

You visited 1 branch of the dungeon, and saw 3 of its levels.

You collected 67 gold pieces.

Inventory:

Hand Weapons
 a - a +0 war axe (weapon)
Armour
 b - a +0 scale mail (worn)
 c - a +0 shield (worn)
Wands
 j - a wand of disintegration (8)
Scrolls
 g - a scroll of teleportation {unknown}
 h - 4 scrolls of enchant weapon {unknown}
 i - a scroll of remove curse
 m - 2 scrolls of enchant armour {unknown}
 o - a scroll of blinking {unknown}
 q - a scroll of magic mapping {unknown}
 s - a scroll of identify
Potions
 d - 2 potions of might
 e - 2 potions of curing
 k - 2 potions of agility {unknown}
 l - a potion of degeneration {unknown}
 n - a potion of heal wounds {unknown}
 r - a potion of cancellation {unknown}
Comestibles
 f - 6 rations


   Skills:
 + Level 4.0 Fighting
 + Level 3.0 Axes
 + Level 3.7 Armour
 + Level 3.6 Shields


You had 4 spell levels left.
You didn't know any spells.
Your spell library was empty.

Dungeon Overview and Level Annotations

Branches:
Dungeon (3/15)

Altars:


Innate Abilities, Weirdness & Mutations

You have claws for feet.


Message History

You block something's attack. The orc barely misses you.
You hit the orc wizard but do no damage.
Your kick misses the orc wizard.
The orc wizard is severely wounded.
You hit the orc.
You kill the orc!
You closely miss something. You closely miss the bat.
The bat hits you but does no damage. Something hits you but does no damage.
The orc wizard hits you but does no damage.
Your shield and scale mail prevent you from hitting the orc wizard.
Your kick misses the orc wizard.
The orc wizard is severely wounded.
You miss something. You block the bat's attack.
The orc wizard casts a spell.
The orc wizard blinks!
You block something's attack.
The orc wizard hits you with a +0 dagger.
* * * LOW HITPOINT WARNING * * *
The orc wizard gestures wildly while chanting.
The orc wizard seems to speed up.
Something hits you.
You die...

#.##### # #.#...#.. #
#######.#...#.. #
........#%..#.#
............#.#
............#.#### ###
............#.##.#####..
........#...#.##.#...'..
.......@#........#.###..
.....§bo##+#...#.#.# #..
........# #...#.#.# #..
........##.....#.#.# #..
........###....#.#.#####
..(.....# #....#........
........# ##...###.#####
....o...# ..>.....#
#.........


You could see 2 orc wizards and a bat.

Vanquished Creatures
  A phantom (D:3)
  3 adders
  5 dart slugs
  3 leopard geckos
  7 orcs (D:3)
  9 bats
  7 giant cockroaches
  7 goblins
  7 hobgoblins
  3 jackals (D:1)
  8 kobolds
  5 quokkas
  A ball python (D:2)
  7 frilled lizards
  A jackal skeleton (D:3)
  8 rats
82 creatures vanquished.

Notes
Turn   | Place    | Note
-------+----------+-------------------------------------------
     0 | D:1      | Blackhawk the Demonspawn Fighter began the quest for the
                  | Orb.
     0 | D:1      | Reached XP level 1. HP: 18/18 MP: 1/1
   140 | D:1      | Gained mutation: You have sharp toenails. [demonic
                  | ancestry]
   140 | D:1      | Reached XP level 2. HP: 24/24 MP: 2/2
   377 | D:1      | Reached XP level 3. HP: 23/29 MP: 3/3
  1035 | D:2      | Gained mutation: You have razor-sharp toenails. [demonic
                  | ancestry]
  1035 | D:2      | Reached XP level 4. HP: 35/35 MP: 4/4
  1689 | D:3      | Noticed a phantom
  1734 | D:3      | Killed a phantom
  1734 | D:3      | Reached skill level 4 in Fighting
  1734 | D:3      | Gained mutation: You have claws for feet. [demonic
                  | ancestry]
  1734 | D:3      | Reached XP level 5. HP: 23/42 MP: 5/5
  2138 | D:3      | Slain by an orc wizard

Vault maps used:
D:1:      minmay_arrival_up_and_down
D:2:      minmay_pentomino_pile
D:3:      marbit_many_paths, first_ration, elyvilon_altar_1

Skill      XL: |  1  2  3  4 |
---------------+-------------+-----
Axes           | 2 3 |  3.0
Shields        | 3 |  3.6
Armour         | 3 |  3.7
Fighting       | 4 |  4.0

Action                   |  1- 3 |  4- 6 || total
-------------------------+-------+-------++-------
Melee: War axe           |   114 |   103 ||   217
       Kick              |    17 |    16 ||    33
  Use: Scroll            |     2 |       ||     2
  Eat: Chunk             |     1 |     3 ||     4
Armor: Scale mail        |    61 |    49 ||   110
Dodge: Dodged            |    50 |    32 ||    82
Block: Shield            |    54 |    80 ||   134

Table legend:
 A = Non-vault XP
 B = Vault XP
 C = Vault XP percentage of total XP
 D = Non-vault monster count
 E = Vault monster count
 F = Vault count percentage of total count
                 A         B        C        D         E       F
            +---------+---------+-------+---------+---------+-------
      Total |     294 |       7 |   2.3 |      79 |       3 |   3.7
            +---------+---------+-------+---------+---------+-------
        D:1 |      56 |       0 |   0.0 |      32 |       0 |   0.0
        D:2 |      48 |       7 |  12.7 |      21 |       3 |  12.5
        D:3 |     190 |       0 |   0.0 |      26 |       0 |   0.0
            +---------+---------+-------+---------+---------+-------
